 Dungeon Crawl Stone Soup version 0.26-a0-651-gb41185065b (webtiles) character file.

Game seed: 7762319493294011484

3 Azzok the Digger (level 1, 0/13 HPs)
             Began as a Demonspawn Earth Elementalist on Oct 17, 2020.
             Slain by a hobgoblin (4 damage)
             ... on level 1 of the Dungeon.
             The game lasted 00:00:16 (168 turns).

Azzok the Digger (Demonspawn Earth Elementalist)     Turns: 168, Time: 00:00:16

Health: 0/13       AC:  2    Str:  8    XL:     1   Next: 41%
Magic:  0/3        EV: 12    Int: 16    God:
Gold:   21         SH:  0    Dex: 13    Spells: 3/4 levels left

rFire    . . .     SeeInvis .   (no weapon)
rCold    . . .     Faith    .   (no shield)
rNeg     . . .     Spirit   .   c - +0 robe
rPois    .         Reflect  .   (no helmet)
rElec    .         Harm     .   (no cloak)
rCorr    .         Rampage  .   (no gloves)
MR       .....                  (no boots)
Stlth    ++........             (no amulet)
HPRegen  0.04/turn              (no ring)
MPRegen  0.08/turn              (no ring)

@: no status effects
A: no striking features
a: no special abilities


You were on level 1 of the Dungeon.
You visited 1 branch of the dungeon, and saw 1 of its levels.

You collected 21 gold pieces.

Inventory:

Missiles
 b - 25 stones (quivered)
Armour
 c - a +0 robe (worn)
Scrolls
 d - a scroll of magic mapping {unknown}
Potions
 a - 2 potions of heal wounds {unknown}


   Skills:
 - Level 1.7 Dodging
 - Level 1.7 Stealth
 - Level 2.0 Spellcasting
   Level 0.8 Transmutations
 + Level 2.9 Earth Magic


You had 3 spell levels left.
You knew the following spells:

 Your Spells              Type           Power        Failure   Level
a - Sandblast             Erth           ##....       6%          1

Your spell library contained the following spells:

 Spells                   Type           Power        Failure   Level
 Passwall                 Tmut/Erth      #.......     14%         2
 Stone Arrow              Conj/Erth      #.....       34%         3
 Petrify                  Tmut/Erth      #.......     67%         4
 Lee's Rapid Deconstruct  Erth           ##........   86%         5


Dungeon Overview and Level Annotations

Branches:
Dungeon (1/15)

Altars:


Message History

You hit the hobgoblin but do no damage.
The hobgoblin is moderately wounded.
The hobgoblin hits you.
Casting: Sandblast (safe; 6% risk of failure)
Confirm with . or Enter, or press ? or * to list all spells.
Aiming: Sandblast (safe; 6% risk of failure)
Press: ? - help, Shift-Dir - straight line, f/p - hobgoblin
Aim: a hobgoblin (moderately wounded)
The blast of sand hits the kobold.
You kill the kobold!
b - 25 stones You hit the hobgoblin but do no damage.
The hobgoblin is moderately wounded.
The hobgoblin hits you.
* * * LOW HITPOINT WARNING * * *
You hit the hobgoblin.
The hobgoblin is severely wounded.
The hobgoblin misses you.
You open the door. The hobgoblin hits you.
You die...

▒·▒ ▒·· ▒·····▒·▒·▒·▒ ▒▒ ▒·▒ ▒·▒
▒··<··▒···▒·▒ ▒· ▒·▒ ▒·▒
▒·····▒·▒▒▒ ▒ ▒· ▒·▒ ▒·▒
▒·····▒·· ▒· ▒·▒ ▒·▒ ▒▒▒╬▒▒▒··▒▒
▒· ▒·▒ ▒·▒▒▒▒ ▒·▒·····▒▒ ▒·
▒·▒▒▒▒ ▒·▒▒·▒▒ ▒········▒▒ ▒▒·
·····▒▒▒▒·····▒▒▒▒·········▒▒▒▒··
···············g@'·········'·····
▒▒▒▒·▒▒▒▒▒▒···▒▒▒▒········)▒▒▒▒··
▒▒ ▒·▒ ▒▒▒▒▒··▒▒▒▒▒·······▒▒ ▒▒·
·▒ ▒·▒ ▒·········▒▒▒·····▒▒ ▒▒ ·▒
▒·▒ ▒··▒▒▒·▒▒·▒ ▒▒···▒▒ ·····▒ ▒·
▒▒·▒▒·▒ ▒▒'▒▒ ·▒▒▒▒▒ ▒··▒▒··▒▒·▒
▒·▒ ·▒ ▒·········▒ ▒·▒ ·▒
▒·▒▒▒·▒▒▒·▒ ▒▒·▒▒


You could see a hobgoblin.

Vanquished Creatures
  A bat (D:1)
  A kobold (D:1)
  A rat (D:1)
3 creatures vanquished.

Notes
Turn   | Place    | Note
-------+----------+-------------------------------------------
     0 | D:1      | Azzok the Demonspawn Earth Elementalist began the quest for
                  | the Orb.
     0 | D:1      | Reached XP level 1. HP: 13/13 MP: 3/3
   168 | D:1      | Slain by a hobgoblin

Illustrated notes

Levels and vault maps discovered:
D:1:      minmay_arrival_checkered_box, layout_loops_corners, minmay_domino_4

Action                   || total
-------------------------++-------
Melee: Unarmed           ||     4
 Cast: Sandblast         ||     5
Dodge: Dodged            ||     5

Table legend: (Time is in decaauts)
 A = Elapsed time spent in this place.
 B = Non-inter-level travel time spent in this place.
 C = Inter-level travel time spent in this place.
 D = Time resting spent in this place.
 E = Time spent auto-exploring this place.
 F = Levels seen in this place.
 G = Mean time per level.
                   A        B        C        D        E       F      G
               +--------+--------+--------+--------+--------+-----+--------+
         Total |    168 |    168 |      0 |     21 |    106 |   1 |  168.0 |
       Dungeon |    168 |    168 |      0 |     21 |    106 |   1 |  168.0 |
               +--------+--------+--------+--------+--------+-----+--------+

Top non-repeatable levels by time:
     D:1: 168 daAuts
